 Dungeon Crawl Stone Soup version 0.24.0-13-gcf9b319 (webtiles) character file.

Game seed: 16523739212125627429, levelgen mode: deterministic

161 Bronimir the Gusty (level 5, -7/28 HPs)
             Began as a Tengu Air Elementalist on Apr 3, 2020.
             Mangled by Natasha (8 damage)
             ... on level 2 of the Dungeon.
             The game lasted 00:06:24 (3208 turns).

Bronimir the Gusty (Tengu Air Elementalist)         Turns: 3208, Time: 00:06:25

Health: -7/28      AC:  4    Str: 10    XL:     5   Next: 42%
Magic:  3/9        EV: 15    Int: 15    God:
Gold:   84         SH:  0    Dex: 14    Spells: 3/9 levels left

rFire    . . .     SeeInvis .   a - +0 spear
rCold    . . .     Gourm    .   (no shield)
rNeg     . . .     Faith    .   h - +0 leather armour
rPois    .         Spirit   .   (helmet restricted)
rElec    .         Reflect  .   k - +0 cloak
rCorr    .         Harm     .   (no gloves)
MR       .....                  (boots unavailable)
Stlth    ++........             (no amulet)
HPRegen  0.09/turn              (no ring)
MPRegen  0.11/turn              (no ring)

@: flying quickly and evasively, very slightly contaminated, slowed, very slow
A: beak, talons 3, able to fly
a: Fly


You were on level 2 of the Dungeon.
You were not hungry.

You visited 1 branch of the dungeon, and saw 3 of its levels.

You collected 84 gold pieces.

Inventory:

Hand Weapons
 a - a +0 spear (weapon)
 d - a +0 hand axe
Missiles
 f - 4 atropa-tipped darts (quivered)
 m - 4 boomerangs
 q - 21 stones
 s - 13 bolts
 w - 23 arrows
Armour
 h - a +0 leather armour (worn)
 k - a +0 cloak (worn)
 p - a +0 robe
Jewellery
 i - an uncursed ring of poison resistance {unknown}
Scrolls
 l - a scroll of enchant armour {unknown}
 n - a scroll of blinking {unknown}
 o - a scroll of fear {unknown}
 r - 3 scrolls of identify {unknown}
 t - a scroll of immolation {unknown}
 u - a scroll of teleportation {unknown}
Potions
 b - a potion of flight
 e - a potion of haste {unknown}
 g - a potion of resistance {unknown}
 j - a potion of ambrosia {unknown}
Comestibles
 c - 3 rations
 v - 3 chunks of flesh


   Skills:
 + Level 0.6 Fighting
 + Level 0.5(1.5) Axes
 * Level 2.2(2.3) Polearms
 + Level 0.3 Throwing
 * Level 1.7 Armour
 + Level 2.8 Dodging
 - Level 2.0 Stealth
 * Level 2.6 Spellcasting
 * Level 2.5 Conjurations
 * Level 4.8 Air Magic


You had 3 spell levels left.
You knew the following spells:

 Your Spells              Type           Power        Failure   Level  Hunger
a - Shock                 Conj/Air       ##..         6%          1    #......
b - Swiftness             Chrm/Air       #.......     16%         2    ###....
c - Static Discharge      Conj/Air       ##......     19%         3    ###....

Your spell library contained the following spells:

 Spells                   Type           Power        Failure   Level  Hunger
 Airstrike                Air            ###.......   36%         4    #####..
 Lightning Bolt           Conj/Air       ##........   86%         5    ######.


Dungeon Overview and Level Annotations

Branches:
Dungeon (3/15)

Altars:
Hepliaklqana
Makhleb
Qazlal
Trog

Annotations:
D:2 Natasha


Innate Abilities, Weirdness & Mutations

You have a beak for a mouth.
You have claws for feet.
You can fly continuously.


Message History

You climb upwards.
The crimson imp disappears in a puff of smoke!
There is a stone staircase leading down here.
Natasha wildly gestures.
Natasha glows brightly for a moment.
Natasha barely misses you.
Natasha casts a spell.
Casting: Static Discharge (safe; 19% risk of failure)
Confirm with . or Enter, or press ? or * to list all spells.
Aiming: Shock (safe; 6% risk of failure)
Press: ? - help, Shift-Dir - straight line
Okay, then.
Natasha casts a spell at you. The magic dart hits you.
* * * LOW HITPOINT WARNING * * *
It was a potion of flight.
You feel very buoyant.
You swoop lightly up into the air.
Natasha closely misses you. Natasha claws you!
You die...

### #.#..#.#
####.#....#
#....#....#
#.#####...#
#.#####...#
#....###.5#
###......>#
###..###.#
#....@h5.#
#.######## #.#
#######.#
######.....#.######
....##.###........#
....##............#
....###...........#
.(......#.#.......#


You could see Natasha and a shadow imp.

Vanquished Creatures
  An orc wizard (D:3)
  Natasha (twice) (D:3)
  2 adders (D:2)
  4 worms
  2 dart slugs (D:1)
  A leopard gecko (D:2)
  3 orcs (D:3)
  5 bats
  4 giant cockroaches
  2 goblins
  9 hobgoblins
  8 frilled lizards
  3 kobolds
  3 rats
49 creatures vanquished.

Notes
Turn   | Place    | Note
-------+----------+-------------------------------------------
     0 | D:1      | Bronimir the Tengu Air Elementalist began the quest for the
                  | Orb.
     0 | D:1      | Reached XP level 1. HP: 10/10 MP: 4/4
   902 | D:1      | Reached XP level 2. HP: 10/16 MP: 6/6
  1301 | D:1      | Learned a level 2 spell: Swiftness
  1381 | D:2      | Found a stormy altar of Qazlal.
  1445 | D:2      | Reached XP level 3. HP: 8/20 MP: 1/7
  1838 | D:2      | Found a bloodstained altar of Trog.
  1864 | D:2      | Reached skill level 1 in Armour
  1868 | D:2      | Found a hazy altar of Hepliaklqana.
  2043 | D:2      | Reached XP level 4. HP: 24/24 MP: 6/8
  2076 | D:2      | Found a burning altar of Makhleb.
  2076 | D:2      | Noticed a cacodemon
  2134 | D:2      | Noticed a smoke demon
  2134 | D:2      | Noticed a hellwing
  2620 | D:3      | Noticed Natasha
  2626 | D:3      | Killed Natasha
  2626 | D:3      | Reached skill level 1 in Polearms
  2654 | D:3      | Noticed Natasha
  2668 | D:3      | Killed Natasha
  2668 | D:3      | Gained mutation: You can fly continuously. [Tengu growth]
  2668 | D:3      | Reached XP level 5. HP: 10/28 MP: 3/9
  2994 | D:3      | Learned a level 3 spell: Static Discharge
  3020 | D:3      | Found a faded altar of an unknown god.
  3053 | D:3      | Noticed Natasha
  3207 | D:2      | HP: 1/28 [Natasha/magic dart (6)]
  3208 | D:2      | Mangled by Natasha

Levels and vault maps discovered:
D:1:      dpeg_arrival_tiny_f, layout_basic
D:2:      layout_basic, nicolae_overflow_crystal_walls, minitemple,
          makhleb_altar_promises_db
D:3:      layout_basic, lemuel_doored_altar, zin_statuary,
          chequers_ecumenical_altar_island, first_ration, minmay_bisected,
          uniq_natasha

Skill      XL: |  1  2  3  4  5 |
---------------+----------------+-----
Armour         | 1 |  1.7
Conjurations   | 2 |  2.5
Polearms       | 1 2 |  2.2
Fighting       | |  0.6
Axes           | |  0.5
Throwing       | |  0.3
Dodging        | |  2.8
Stealth        | |  2.0
Spellcasting   | |  2.6
Air Magic      | |  4.8

Action                   |  1- 3 |  4- 6 || total
-------------------------+-------+-------++-------
Melee: Hand axe          |    55 |       ||    55
       Kick              |    15 |     7 ||    22
       Peck              |     6 |       ||     6
       Spear             |    16 |    26 ||    42
Throw: Dart              |    10 |       ||    10
       Boomerang         |     1 |       ||     1
 Cast: Shock             |    24 |    30 ||    54
       Static Discharge  |       |     1 ||     1
  Use: Potion            |       |     1 ||     1
 Stab: Invisible         |     2 |       ||     2
       Sleeping          |       |     2 ||     2
  Eat: Chunk             |     4 |     4 ||     8
Armor: Leather armour    |    25 |     1 ||    26
       Robe              |     1 |       ||     1
Dodge: Dodged            |    77 |    18 ||    95
